 Dungeon Crawl Stone Soup version 0.20-a0-641-g673355a (webtiles) character file.

30921 AlphabetPasta the Zephyrmancer (level 13, -3/77 HPs)
             Began as an Octopode Air Elementalist on Feb 13, 2017.
             Was a High Priest of Vehumet.
             Killed from afar by Nergalle (41 damage)
             ... with a bolt of negative energy
             ... on level 4 of the Lair of Beasts.
             The game lasted 02:06:45 (23404 turns).

AlphabetPasta the Zephyrmancer (OpAE)              Turns: 23404, Time: 02:06:52

Health: -3/77      AC:  2    Str: 15    XL:     13   Next: 54%
Magic:  7/35       EV: 17    Int: 25    God:    Vehumet [*****.]
Gold:   906        SH:  6    Dex: 14    Spells: 5/30 levels left

rFire    . . .     SeeInvis .   e - staff of air
rCold    . . .     Gourm    .   C - +2 buckler
rNeg     . . .     Faith    .   (helmet restricted)
rPois    .         Spirit   .   (no amulet)
rElec    +         Reflect  .   p - +1 ring of protection
rCorr    .         Harm     .   k - +4 ring of intelligence
MR       ++...                  D - ring of stealth
Stlth    +++++.....             H - ring "Deimoxui" {*Slow rElec MR+ MP+9 Str+8}
Regen    0.3/turn               S - +2 ring of evasion
MPRegen  0.3/turn               O - ring of protection from magic
                                (no ring)
                                (no ring)

@: heavily drained
A: almost no armour, stealthy swim, amphibious, 8 rings, constrict 8, camouflage
1, gelatinous body 1
a: Renounce Religion


You were on level 4 of the Lair of Beasts.
You worshipped Vehumet.
Vehumet was extremely pleased with you.
You were not hungry.

You visited 3 branches of the dungeon, and saw 17 of its levels.
You also visited: Sewer.

You collected 906 gold pieces.

Inventory:

Hand Weapons
 d - a +1 falchion of chaos
 f - a +0 club
 s - the +4 whip of Guohoigh {drain, *Rage Int+3 Dex+5, unknown}
   (You found it on level 4 of the Dungeon)

   A truly terrible weapon, it drains the life of those it strikes.
   It affects your intelligence (+3).
   It affects your dexterity (+5).
   It may make you go berserk in combat.
Missiles
 G - 11 javelins (quivered)
Armour
 C - a +2 buckler (worn)
Magical Staves
 e - an uncursed staff of air (weapon)
 J - an uncursed staff of wizardry
Jewellery
 k - a +4 ring of intelligence (right tentacle)
 p - a +1 ring of protection (left tentacle)
 D - a ring of stealth (on tentacle)
 H - the ring "Deimoxui" (on tentacle) {*Slow rElec MR+ MP+9 Str+8}
   (You found it on level 9 of the Dungeon)

   [ring of magical power]

   It affects your strength (+8).
   It insulates you from electricity.
   It affects your resistance to hostile enchantments.
   It affects your magic capacity (+9).
   It may slow you when you take damage.
 O - a ring of protection from magic (on tentacle)
 S - a +2 ring of evasion (on tentacle)
Wands
 j - a wand of random effects (3/48)
 n - a wand of lightning (6/15)
 u - a wand of polymorph (18/24)
 w - a wand of disintegration (4/24)
 y - a wand of lightning (8/15)
 E - a wand of digging (10/24)
 F - a wand of confusion (10/48)
 T - a wand of lightning (6/15)
 U - a wand of confusion (20/48)
Scrolls
 c - 5 scrolls of enchant weapon
 m - 5 scrolls of teleportation
 o - 4 scrolls of recharging
 q - 3 scrolls of remove curse
 t - a scroll of fear
 v - 4 scrolls of amnesia
 x - 3 scrolls of identify
 A - 2 scrolls of magic mapping
 P - a scroll of blinking
 V - a scroll of fog
Potions
 g - 4 potions of berserk rage
 h - 5 potions of might
 i - 2 potions of resistance
 l - 5 potions of curing
 r - 3 potions of cancellation
 z - 2 potions of heal wounds
 B - 2 potions of brilliance
 K - a potion of magic
 M - 3 potions of flight
Books
 a - a book of Air

   Spells                             Type                      Level
   a - Shock                          Conjuration/Air              1
   b - Swiftness                      Charms/Air                   2
   c - Static Discharge               Conjuration/Air              3
   d - Airstrike                      Air                          4
   e - Lightning Bolt                 Conjuration/Air              5
 I - a book of the Earth

   Spells                             Type                      Level
   a - Leda's Liquefaction            Hexes/Earth                  4
   b - Bolt of Magma                  Conjuration/Fire/Earth       5
   c - Statue Form                    Transmutation/Earth          6
   d - Iron Shot                      Conjuration/Earth            6
   e - Shatter                        Earth                        9
Miscellaneous
 N - a fan of gales
 Q - a box of beasts
Comestibles
 b - 9 bread rations
 L - 3 royal jellies
 R - a fruit
 W - 4 chunks of flesh
 X - a meat ration


   Skills:
 - Level 3.1(1.7) Fighting
 - Level 1.0(0.0) Staves
 + Level 6.1(4.6) Dodging
 - Level 2.6(1.3) Stealth
 - Level 4.0(2.6) Shields
 + Level 9.4(7.8) Spellcasting
 + Level 9.6(7.9) Conjurations
 * Level 13.7(11.9) Air Magic
 * Level 8.4(6.8) Earth Magic
 - Level 3.0(1.6) Evocations


You had 5 spell levels left.
You knew the following spells:

 Your Spells              Type           Power        Failure   Level  Hunger
a - Shock                 Conj/Air       ####         1%          1    None
b - Swiftness             Chrm/Air       ######..     1%          2    None
c - Static Discharge      Conj/Air       ######..     1%          3    None
d - Airstrike             Air            #######...   1%          4    ##.....
e - Apportation           Tloc           #.....       10%         1    None
f - Bolt of Magma         Conj/Fire/Erth ####......   9%          5    #####..
g - Mephitic Cloud        Conj/Pois/Air  ######..     1%          3    None
h - Freezing Cloud        Conj/Ice/Air   ######....   30%         6    ######.


Dungeon Overview and Level Annotations

Branches:
Dungeon (12/15)            Temple (1/1) D:4            Lair (4/6) D:10
 Shoals (0/4) Lair:4       Spider (0/4) Lair:3          Orc (0/2) D:12

Altars:
Ashenzari
Cheibriados
Dithmenos
Elyvilon
Fedhas
Gozag
Hepliaklqana
Kikubaaqudgha
Makhleb
Nemelex Xobeh
Okawaru
Qazlal
Ru
Sif Muna
Trog
Uskayaw
Vehumet
Xom
Yredelemnul
Zin
The Shining One

Shops:
D:6 (   D:11 }

Annotations:
Lair:4 Nergalle


Innate Abilities, Weirdness & Mutations

You cannot wear most types of armour.
You are very stealthy in the water. (Stealth+)
You are amphibious.
You can wear up to eight rings at the same time.
You can use your tentacles to constrict eight enemies at once.
Your skin changes colour to match your surroundings (Stealth+).
Your rubbery body absorbs attacks. (AC +1, EV +1)


Message History

Confirm with . or Enter, or press ? or * to list all spells.
Aiming: Airstrike
Press: ? - help, Dir - move target cursor, f/p - Nergalle
Aim: Nergalle, wielding a dagger and wearing a robe (heavily wounded)
You feel a surge of power!
The air twists around and strikes Nergalle!
Nergalle is severely wounded.
The spectral orc warrior misses you. x2
Casting: Airstrike
Confirm with . or Enter, or press ? or * to list all spells.
Aiming: Airstrike
Press: ? - help, Dir - move target cursor, f/p - Nergalle
Aim: Nergalle, wielding a dagger and wearing a robe (severely wounded)
You feel a surge of power!
The air twists around and strikes Nergalle!
Nergalle is almost dead.
Nergalle casts a spell at you. The bolt of negative energy hits you!
You feel drained.
Ouch! That really hurt!
You die...

.##≈≈≈#≈#≈≈≈###
###...#....
###≈####≈'###≈#
#...^.....
#≈≈≈#≈≈≈#≈≈≈#
##........
#≈≈≈#≈>≈#≈≈≈#
##P......
#≈≈≈#≈)≈#≈≈≈#
###.....
#≈###'≈####≈#
#.....
##≈≈≈#≈#Z≈≈##
#.....
#≈≈≈###≈≈Z#
...... #≈≈≈#
#≈≈@# ......
##### ####o.#
..# #.# .# .# .
.


You could see Nergalle and 2 spectral orc warriors.

Vanquished Creatures
  Josephine (D:12)
  Harold (D:11)
  3 hydras
  Erolcha (D:11)
  A catoblepas (Lair:4)
  Erica (Lair:1)
  2 two-headed ogres
  Urug (D:12)
  Sonja (Lair:3)
  An oklob plant (D:10)
  2 ugly things (D:11)
  A manticore (D:10)
  A merfolk siren (Lair:4)
  7 spiny frogs
  2 black mambas
  2 rime drakes (Lair:1)
  4 trolls
  A hornet (D:8)
  A merfolk (Lair:4)
  Prince Ribbit (D:9)
  7 hippogriffs
  4 slime creatures (D:8)
  A blink frog (Lair:2)
  6 wraiths (D:12)
  A spriggan (D:9)
  A wyvern (D:10)
  18 yaks
  A vampire (D:12)
  3 basilisks
  A basilisk (shapeshifter) (D:12)
  Grum (D:10)
  2 vampire mosquitoes (D:9)
  10 porcupines
  5 water moccasins
  3 sky beasts
  A hornet zombie (D:9)
  4 black bears
  An ice beast (D:10)
  3 orc warriors
  6 ogres
  3 necrophages
  An eye of draining (D:9)
  A phantom (D:12)
  9 centaurs
  4 wolves (D:10)
  6 crocodiles
  A big kobold (D:8)
  18 bullfrogs
  5 scorpions
  A water moccasin skeleton (D:10)
  14 killer bees
  12 wights
  2 howler monkeys (D:9)
  2 crimson imps
  A centaur zombie (D:7)
  A quasit (D:7)
  5 orc priests
  7 hounds
  4 jellies
  8 orc wizards
  4 bullfrog skeletons
  2 centaur skeletons
  Jessica (D:3)
  4 iguanas
  10 worker ants
  2 hound skeletons (D:7)
  2 worker ant zombies (D:5)
  Robin (D:2)
  18 adders
  3 gnolls (D:3)
  A river rat (D:4)
  2 shadow imps
  9 oozes
  2 adder skeletons
  An adder zombie (D:6)
  3 worms (D:4)
  A dart slug (D:5)
  15 leopard geckos
  41 orcs
  10 ball pythons
  7 bats
  24 giant cockroaches
  13 goblins
  13 hobgoblins
  9 jackals
  10 kobolds
  7 quokkas
  A ball python skeleton (D:6)
  12 frilled lizards
  A giant cockroach zombie (D:5)
  A jackal skeleton (D:7)
  A leopard gecko skeleton (D:4)
  A quokka skeleton (D:7)
  A quokka zombie (D:6)
  14 rats
  A plant (D:10)
467 creatures vanquished.

Vanquished Creatures (others)
  3 fungi (Lair:2)
3 creatures vanquished.

Grand Total: 470 creatures vanquished

Notes
Turn   | Place    | Note
-------+----------+-------------------------------------------
     0 | D:1      | AlphabetPasta the Octopode Air Elementalist began the quest for the Orb.
     0 | D:1      | Reached XP level 1. HP: 11/11 MP: 3/3
   230 | D:1      | Reached XP level 2. HP: 16/17 MP: 3/5
   234 | D:1      | Learned a level 2 spell: Swiftness
   586 | D:1      | Reached XP level 3. HP: 19/21 MP: 1/6
   647 | D:1      | Learned a level 3 spell: Static Discharge
  1509 | D:2      | Reached XP level 4. HP: 27/27 MP: 5/7
  1528 | D:2      | Found an opulent altar of Gozag.
  1556 | D:2      | Reached skill level 4 in Air Magic
  1887 | D:2      | Noticed Robin
  1905 | D:2      | Killed Robin
  2380 | D:3      | Reached XP level 5. HP: 31/31 MP: 2/9
  2598 | D:3      | Found a blossoming altar of Fedhas.
  2723 | D:3      | Noticed Jessica
  2731 | D:3      | Killed Jessica
  3296 | D:4      | Reached skill level 5 in Air Magic
  3337 | D:4      | Reached XP level 6. HP: 23/36 MP: 6/11
  3466 | D:4      | Found a stormy altar of Qazlal.
  3505 | D:4      | Reached XP level 7. HP: 41/41 MP: 2/12
  3525 | D:4      | Found a staircase to the Ecumenical Temple.
  3608 | D:4      | Reached skill level 6 in Air Magic
  3635 | D:4      | HP: 2/41 [orc wizard/magic dart (8)]
  3677 | D:4      | Got a faintly glowing whip
  3760 | D:4      | Found a glowing drain.
  3766 | Sewer    | Entered a sewer
  4495 | Sewer    | Learned a level 4 spell: Airstrike
  4876 | D:4      | Found a sacrificial altar of Ru.
  4976 | Temple   | Entered the Ecumenical Temple
  5467 | D:5      | Entered Level 5 of the Dungeon
  5474 | D:5      | Reached XP level 8. HP: 46/46 MP: 6/14
  5613 | D:5      | Found a sparkling altar of Nemelex Xobeh.
  5717 | D:5      | Reached skill level 7 in Air Magic
  5894 | D:5      | Learned a level 4 spell: Airstrike
  5902 | D:5      | Found a sacrificial altar of Ru.
  5904 | D:5      | Found a hazy altar of Hepliaklqana.
  5906 | D:5      | Found a radiant altar of Vehumet.
  5914 | D:5      | Became a worshipper of Vehumet
  6307 | D:5      | Reached skill level 1 in Staves
  6622 | D:6      | Reached skill level 1 in Fighting
  6870 | D:6      | Reached skill level 5 in Spellcasting
  6916 | D:6      | Reached skill level 5 in Conjurations
  7340 | D:6      | Found Xugaick's Antique Weapon Shop.
  7361 | D:6      | Reached skill level 8 in Air Magic
  7718 | D:7      | Reached XP level 9. HP: 54/54 MP: 11/17
  7721 | D:7      | Reached * piety under Vehumet
  7721 | D:7      | Offered knowledge of Magic Dart by Vehumet.
  7831 | D:7      | Reached skill level 1 in Evocations
  7899 | D:7      | Learned a level 1 spell: Apportation
  8249 | D:7      | Found a snail-covered altar of Cheibriados.
  8286 | D:7      | Reached skill level 1 in Shields
  8485 | D:7      | Found an ancient bone altar of Kikubaaqudgha.
  9094 | D:8      | Noticed a hornet
  9099 | D:8      | Killed a hornet
  9099 | D:8      | Offered knowledge of Searing Ray by Vehumet.
  9149 | D:8      | Reached skill level 9 in Air Magic
  9363 | D:8      | Reached ** piety under Vehumet
  9639 | D:9      | Learned a level 5 spell: Lightning Bolt
 10317 | D:9      | Found a hazy altar of Hepliaklqana.
 10320 | D:9      | Reached XP level 10. HP: 57/60 MP: 13/19
 10398 | D:9      | Noticed a two-headed ogre
 10419 | D:9      | Killed a two-headed ogre
 10728 | D:9      | Reached skill level 10 in Air Magic
 11059 | D:9      | Noticed a catoblepas
 11373 | D:9      | Noticed Prince Ribbit
 11375 | D:9      | Killed Prince Ribbit
 12202 | D:9      | Offered knowledge of Mephitic Cloud by Vehumet.
 12207 | D:9      | Learned a level 3 spell: Mephitic Cloud
 12741 | D:9      | Got a bound copper ring
 12742 | D:9      | Identified the ring "Deimoxui" {*Slow rElec MR+ MP+9 Str+8} (You found it on level 9 of the Dungeon)
 12839 | D:9      | Learned a level 5 spell: Bolt of Magma
 13031 | D:10     | Entered Level 10 of the Dungeon
 13036 | D:9      | Reached skill level 1 in Earth Magic
 13129 | D:10     | Reached *** piety under Vehumet
 13132 | D:10     | Reached XP level 11. HP: 64/64 MP: 22/22
 13183 | D:10     | Reached skill level 11 in Air Magic
 13390 | D:10     | Noticed Grum
 13396 | D:10     | Killed Grum
 13898 | D:10     | Offered knowledge of Iskenderun's Mystic Blast by Vehumet.
 14016 | D:10     | Found a staircase to the Lair.
 14022 | D:10     | Noticed an oklob plant
 14026 | D:10     | Killed an oklob plant
 14476 | D:11     | Noticed a manticore
 14484 | D:10     | Killed a manticore
 15093 | D:11     | Noticed a six-headed hydra
 15596 | D:11     | Reached **** piety under Vehumet
 15607 | D:11     | Offered knowledge of Irradiate by Vehumet.
 15797 | D:11     | Noticed a white ugly thing
 15802 | D:11     | Killed a white ugly thing
 15930 | D:11     | Noticed Erolcha
 16101 | D:11     | Noticed a white ugly thing
 16109 | D:11     | Killed a white ugly thing
 16198 | D:11     | Noticed a two-headed ogre
 16413 | D:11     | Killed Erolcha
 16413 | D:11     | Reached skill level 12 in Air Magic
 16517 | D:11     | Killed a two-headed ogre
 16517 | D:11     | Reached XP level 12. HP: 71/72 MP: 19/24
 16577 | D:11     | Found Tonin's Gadget Shoppe.
 16755 | D:11     | Noticed a four-headed hydra
 16764 | D:11     | Killed a four-headed hydra
 16764 | D:11     | Reached skill level 5 in Earth Magic
 16858 | D:11     | Noticed Harold
 16885 | D:11     | Killed Harold
 17518 | D:12     | Found a staircase to the Orcish Mines.
 17624 | D:12     | Noticed Josephine
 17645 | D:12     | Killed Josephine
 17645 | D:12     | Reached skill level 5 in Dodging
 17943 | D:12     | Noticed Urug
 17950 | D:12     | Killed Urug
 18967 | Lair:1   | Entered Level 1 of the Lair of Beasts
 19155 | Lair:1   | Noticed a six-headed hydra
 19163 | Lair:1   | Killed a six-headed hydra
 19163 | Lair:1   | Reached skill level 13 in Air Magic
 19517 | Lair:1   | Noticed Erica
 19649 | Lair:1   | Killed Erica
 20100 | Lair:1   | Reached XP level 13. HP: 77/77 MP: 23/25
 21507 | Lair:2   | Reached ***** piety under Vehumet
 21851 | Lair:3   | Found a hole to the Spider Nest.
 21882 | Lair:3   | Noticed Sonja
 21889 | Lair:3   | Killed Sonja
 22505 | Lair:4   | Offered knowledge of Freezing Cloud by Vehumet.
 23080 | Lair:4   | Learned a level 6 spell: Freezing Cloud
 23199 | Lair:4   | Found a staircase to the Shoals.
 23397 | Lair:4   | Noticed Nergalle
 23404 | Lair:4   | Killed from afar by Nergalle

Vault maps used:
D:1:      minmay_arrival_five_plusses, minmay_pentomino_s4
D:2:      grunt_gozag_statues, uniq_robin
D:3:      fedhas_altar_2, first_bread, kennysheep_jessica_study
D:4:      lemuel_crystal_altar, minmay_temple_entry_glassed_door,
          portal_sewer_entry_b, nicolae_ru_awakened_eye
D:5:      grunt_temple_overflow_open, basic_altar
D:6:      serial_shops, shop
D:7:      kennysheep_mini, lemuel_round_altar
D:9:      minmay_tri_box, basic_altar, the_bakery, uniq_prince_ribbit1
D:10:     dpeg_oklobed_lair, uniq_grum
D:11:     serial_shops, nicolae_shop_crystal, minmay_fountain_box, uniq_erolcha,
          uniq_harold
D:12:     david_orc_2, kennysheep_nub, uniq_urug, uniq_frances, uniq_josephine
Temple:   nicolae_temple_great_sept
Lair:1:   serial_bayou_pond_b, uniq_erica
Lair:2:   st_stairs_11
Lair:3:   spider_nest_entry_web_field, uniq_sonja
Lair:4:   elwin_shoals_entry_rooms, grunt_megastairs_4,
          minmay_lair_oklob_chamber, uniq_nergalle
Sewer:    sewer_frog_island_02

Skill      XL: |  1  2  3  4  5  6  7  8  9 10 11 12 13 |
---------------+----------------------------------------+-----
Conjurations   | 2 3 4 5 6 7 8 9 |  9.6
Air Magic      | 4 5 6 8 9 10 12 13 | 13.7
Spellcasting   | 3 4 5 6 7 8 9 |  9.4
Staves         | 1 |  1.0
Fighting       | 2 3 |  3.1
Evocations     | 2 3 |  3.0
Shields        | 2 4 |  4.0
Dodging        | 3 4 5 6 |  6.1
Earth Magic    | 1 4 7 8 |  8.4
Stealth        | |  2.6

Action                   |  1- 3 |  4- 6 |  7- 9 | 10-12 | 13-15 || total
-------------------------+-------+-------+-------+-------+-------++-------
Melee: Unarmed           |     7 |       |       |       |       ||     7
       Constrict         |     3 |     6 |     6 |     9 |     2 ||    26
       Club              |     3 |     2 |       |       |       ||     5
       Falchion          |       |     6 |       |       |       ||     6
       Tentacles         |       |     7 |       |    11 |       ||    18
       Staff             |       |    10 |    28 |    53 |     5 ||    96
 Cast: Shock             |    64 |   118 |   372 |   234 |   106 ||   894
       Static Discharge  |       |       |    40 |   144 |    48 ||   232
       Lightning Bolt    |       |       |     3 |       |       ||     3
       Airstrike         |       |       |     2 |   151 |    42 ||   195
       Swiftness         |       |       |     2 |     7 |     2 ||    11
       Bolt of Magma     |       |       |       |     8 |     4 ||    12
       Mephitic Cloud    |       |       |       |     1 |       ||     1
Evoke: Wand              |       |    11 |     6 |    12 |       ||    29
  Use: Scroll            |     4 |    12 |     9 |    13 |     1 ||    39
       Potion            |       |     3 |     2 |     2 |       ||     7
 Stab: Sleeping          |       |     1 |     3 |     6 |     2 ||    12
  Eat: Chunk             |     2 |     4 |    11 |    15 |     9 ||    41
       Royal jelly       |       |     1 |     1 |       |       ||     2
       Meat ration       |       |       |     2 |     3 |       ||     5
       Bread ration      |       |       |       |     2 |       ||     2
       Fruit             |       |       |       |       |     3 ||     3
Armor: Skin              |     1 |     5 |     9 |    18 |     2 ||    35
Dodge: Dodged            |     5 |    27 |    56 |   124 |    27 ||   239
Block: Buckler           |       |       |       |    60 |    13 ||    73
       Rpst.: Falchion   |       |     2 |       |       |       ||     2
